[ AOE2 MATCH · #478751776 ]
Team RMBerbers vs Romans
[ REPLAY ANALYSIS · EXTRACTED FROM THE RECORDED GAME ]
Feudal
—
Castle
—
Imperial
—
| APM avg | 22.6 |
| APM peak | 85 |
| eAPM avg | 18.1 |
| Villagers / military | 198 / 778 |
Focus
⚔️ 63.4% · 🌾 36.6%
Spearman ×424 · Skirmisher ×201 · Bombard Cannon ×52 · Camel Archer ×44 · Militia ×25 · Knight ×10
Feudal
12:28
Castle
23:22
Imperial
42:07
| APM avg | 15.3 |
| APM peak | 75 |
| eAPM avg | 8.2 |
| Villagers / military | 49 / 237 |
Focus
⚔️ 55.4% · 🌾 44.6%
Fire Lancer ×227 · Unknown (1923) ×24 · Trade Cart ×22 · Unknown (1920) ×10 · Trebuchet (Packed) ×10
Feudal
—
Castle
—
Imperial
—
| APM avg | 29.0 |
| APM peak | 64 |
| eAPM avg | 20.5 |
| Villagers / military | 204 / 270 |
Focus
⚔️ 41.5% · 🌾 58.5%
Scorpion ×122 · Militia ×87 · Spearman ×30 · Trade Cart ×27 · Battering Ram ×16 · Scout Cavalry ×10
Feudal
—
Castle
—
Imperial
—
| APM avg | 18.0 |
| APM peak | 65 |
| eAPM avg | 12.0 |
| Villagers / military | 164 / 762 |
Focus
⚔️ 32.4% · 🌾 67.6%
Knight ×594 · Throwing Axeman ×158 · Trade Cart ×89 · Trebuchet (Packed) ×8 · Scout Cavalry ×2
Feudal
10:25
Castle
18:32
Imperial
39:49
| APM avg | 44.9 |
| APM peak | 91 |
| eAPM avg | 29.9 |
| Villagers / military | 111 / 826 |
Focus
⚔️ 53.7% · 🌾 46.3%
Knight ×676 · Scout Cavalry ×144 · Trade Cart ×52 · Trebuchet (Packed) ×6
Feudal
—
Castle
—
Imperial
—
| APM avg | 28.2 |
| APM peak | 93 |
| eAPM avg | 13.9 |
| Villagers / military | 118 / 728 |
Focus
⚔️ 47.0% · 🌾 53.0%
Spearman ×410 · Longbowman ×172 · Archer ×91 · Militia ×30 · Trade Cart ×24 · Trebuchet (Packed) ×19
Match map
Initial resources + every placement click. Lines = walls · curves = elevation contours. ◆ gold · ⬟ stone · ● berries · ✦ relic · ◌ wall gap
Your base· Open — 7t gap
Ender's base· Open — 7t gap
Rojeed's base· Open — 9t gap
raybae2000's base· Open — unwalled flank
我不会玩4+2's base· Open — 8t gap
Bourny96's base· Open — 8t gap
Smoothed initial terrain · ◌ = detected wall gap · hover for details
Inputs per minute
— frizboum - - Ender
Build order — frizboum
First 150 of 1188 actions detected
| 0:02 | Create | Villager (Male) |
| 0:09 | Build | House |
| 0:10 | Build | House |
| 0:11 | Build | House |
| 0:19 | Research | Loom |
| 0:19 | Create | Villager (Male) |
| 0:19 | Create | Villager (Male) |
| 0:20 | Create | Villager (Male) |
| 0:20 | Create | Villager (Male) |
| 1:19 | Create | Villager (Male) |
| 1:19 | Create | Villager (Male) |
| 1:23 | Build | House |
| 2:15 | Create | Villager (Male) |
| 2:16 | Create | Villager (Male) |
| 2:21 | Build | Mill |
| 2:43 | Create | Villager (Male) |
| 2:43 | Create | Villager (Male) |
| 3:08 | Create | Villager (Male) |
| 3:08 | Create | Villager (Male) |
| 3:34 | Create | Villager (Male) |
| 3:35 | Create | Villager (Male) |
| 3:55 | Create | Villager (Male) |
| 3:55 | Create | Villager (Male) |
| 4:16 | Create | Villager (Male) |
| 4:16 | Create | Villager (Male) |
| 4:26 | Create | Villager (Male) |
| 4:27 | Create | Villager (Male) |
| 4:51 | Create | Villager (Male) |
| 4:52 | Create | Villager (Male) |
| 5:24 | Build | Mining Camp |
| 5:25 | Create | Villager (Male) |
| 5:26 | Create | Villager (Male) |
| 6:28 | Build | Lumber Camp |
| 6:38 | Create | Villager (Male) |
| 6:39 | Create | Villager (Male) |
| 6:39 | Create | Villager (Male) |
| 7:28 | Create | Villager (Male) |
| 7:29 | Create | Villager (Male) |
| 7:44 | Build | House |
| 7:46 | Build | House |
| 7:55 | Create | Villager (Male) |
| 7:56 | Create | Villager (Male) |
| 8:40 | Build | Mining Camp |
| 8:57 | Create | Villager (Male) |
| 8:58 | Create | Villager (Male) |
| 9:28 | Create | Villager (Male) |
| 9:29 | Create | Villager (Male) |
| 9:31 | Create | Villager (Male) |
| 9:44 | Build | Farm |
| 10:06 | Build | Farm |
| 10:14 | Build | Farm |
| 10:31 | Build | Farm |
| 10:38 | Create | Villager (Male) |
| 10:58 | Build | Farm |
| 11:04 | Create | Villager (Male) |
| 11:20 | Build | Farm |
| 11:45 | Build | Barracks |
| 11:48 | Create | Villager (Male) |
| 11:48 | Create | Villager (Male) |
| 11:57 | Build | House |
| 11:59 | Build | House |
| 12:14 | Create | Villager (Male) |
| 12:57 | Create | Villager (Male) |
| 13:07 | Build | Mining Camp |
| 13:21 | Research | Feudal Age |
| 13:48 | Create | Militia |
| 13:48 | Create | Militia |
| 13:48 | Create | Militia |
| 13:49 | Create | Militia |
| 14:14 | Build | Farm |
| 14:17 | Build | Farm |
| 14:19 | Build | Farm |
| 14:21 | Build | Farm |
| 14:24 | Create | Villager (Male) |
| 14:24 | Create | Villager (Male) |
| 14:24 | Create | Villager (Male) |
| 14:51 | Create | Militia |
| 14:51 | Create | Militia |
| 15:20 | Create | Militia |
| 15:20 | Create | Militia |
| 15:21 | Create | Militia |
| 15:21 | Create | Militia |
| 15:32 | Build | Farm |
| 15:34 | Build | Farm |
| 15:36 | Build | Farm |
| 15:38 | Research | Horse Collar |
| 15:41 | Research | Double-Bit Axe |
| 16:07 | Build | Watch Tower |
| 16:13 | Create | Spearman |
| 16:13 | Create | Spearman |
| 16:14 | Create | Spearman |
| 16:14 | Create | Spearman |
| 16:24 | Build | House |
| 16:25 | Build | House |
| 16:26 | Build | House |
| 16:27 | Build | House |
| 16:57 | Create | Villager (Male) |
| 16:57 | Create | Villager (Male) |
| 17:15 | Research | Man-at-Arms (upgrade) |
| 17:16 | Create | Militia |
| 17:16 | Create | Militia |
| 17:17 | Create | Militia |
| 17:17 | Create | Militia |
| 17:41 | Create | Militia |
| 17:41 | Create | Militia |
| 17:41 | Create | Militia |
| 17:41 | Create | Militia |
| 17:52 | Create | Villager (Male) |
| 17:52 | Create | Villager (Male) |
| 17:53 | Create | Villager (Male) |
| 17:54 | Create | Villager (Male) |
| 17:59 | Build | Blacksmith |
| 18:16 | Create | Militia |
| 18:16 | Create | Militia |
| 18:16 | Create | Militia |
| 18:28 | Create | Villager (Male) |
| 18:28 | Create | Villager (Male) |
| 18:29 | Create | Villager (Male) |
| 19:12 | Create | Militia |
| 19:12 | Create | Militia |
| 19:12 | Create | Militia |
| 19:12 | Create | Militia |
| 19:16 | Build | House |
| 19:18 | Build | House |
| 19:19 | Build | House |
| 19:21 | Build | House |
| 19:23 | Build | House |
| 19:25 | Create | Villager (Male) |
| 19:26 | Create | Villager (Male) |
| 19:37 | Build | Watch Tower |
| 20:09 | Create | Villager (Male) |
| 20:09 | Create | Villager (Male) |
| 20:42 | Create | Villager (Male) |
| 20:43 | Create | Villager (Male) |
| 20:51 | Build | Stable |
| 20:54 | Build | Stable |
| 20:57 | Create | Villager (Male) |
| 20:58 | Create | Villager (Male) |
| 21:10 | Research | Forging |
| 21:47 | Build | Watch Tower |
| 21:52 | Create | Villager (Male) |
| 21:52 | Create | Villager (Male) |
| 22:14 | Build | Watch Tower |
| 22:20 | Research | Wheelbarrow |
| 22:32 | Build | Farm |
| 22:34 | Build | Farm |
| 22:37 | Build | Farm |
| 22:39 | Build | Farm |
| 22:45 | Create | Villager (Male) |
| 22:53 | Build | Farm |
Build order — Ender
First 150 of 456 actions detected
| 0:36 | Build | House |
| 1:16 | Build | House |
| 1:28 | Create | Villager (Male) |
| 1:28 | Create | Villager (Male) |
| 1:28 | Create | Villager (Male) |
| 1:29 | Create | Villager (Male) |
| 1:29 | Create | Villager (Male) |
| 1:29 | Create | Villager (Male) |
| 1:56 | Build | House |
| 2:10 | Create | Villager (Male) |
| 2:32 | Build | House |
| 3:00 | Build | House |
| 3:31 | Build | Lumber Camp |
| 3:40 | Create | Villager (Male) |
| 3:41 | Create | Villager (Male) |
| 3:41 | Create | Villager (Male) |
| 4:52 | Create | Villager (Male) |
| 4:53 | Create | Villager (Male) |
| 4:53 | Create | Villager (Male) |
| 4:53 | Create | Villager (Male) |
| 5:12 | Create | Villager (Male) |
| 5:13 | Create | Villager (Male) |
| 5:48 | Research | Loom |
| 6:57 | Create | Villager (Male) |
| 6:58 | Create | Villager (Male) |
| 6:58 | Create | Villager (Male) |
| 6:58 | Create | Villager (Male) |
| 7:01 | Create | Villager (Male) |
| 7:29 | Build | Mill |
| 10:18 | Research | Feudal Age |
| 10:18 | Research | Feudal Age |
| 10:51 | Build | Mining Camp |
| 11:04 | Build | Mining Camp |
| 12:10 | Build | Barracks |
| 12:28 | Age | Feudal Age |
| 12:32 | Create | Villager (Male) |
| 12:32 | Create | Villager (Male) |
| 12:33 | Create | Villager (Male) |
| 12:33 | Create | Villager (Male) |
| 12:33 | Create | Villager (Male) |
| 12:50 | Build | Pasture |
| 13:28 | Build | House |
| 13:54 | Build | Pasture |
| 14:54 | Build | Barracks |
| 15:09 | Research | Wheelbarrow |
| 15:14 | Research | Double-Bit Axe |
| 16:19 | Build | Pasture |
| 16:35 | Build | Stone Wall |
| 17:14 | Create | Villager (Male) |
| 17:57 | Build | Pasture |
| 18:07 | Create | Villager (Male) |
| 18:46 | Build | House |
| 19:26 | Build | Stable |
| 19:41 | Build | Blacksmith |
| 20:12 | Build | Stone Wall |
| 20:32 | Build | Stone Wall |
| 20:42 | Research | Castle Age |
| 20:54 | Research | Gold Mining |
| 20:55 | Research | Stone Mining |
| 20:59 | Research | Tech 1014 |
| 21:43 | Build | House |
| 22:19 | Build | Pasture |
| 22:36 | Build | House |
| 23:20 | Build | Barracks |
| 23:22 | Age | Castle Age |
| 23:34 | Build | Barracks |
| 23:40 | Create | Villager (Male) |
| 23:41 | Create | Villager (Male) |
| 23:41 | Create | Villager (Male) |
| 23:41 | Create | Villager (Male) |
| 23:42 | Create | Villager (Male) |
| 23:48 | Research | Bow Saw |
| 23:53 | Research | Tech 1013 |
| 25:11 | Build | Siege Workshop |
| 25:25 | Create | Fire Lancer |
| 25:25 | Create | Fire Lancer |
| 25:25 | Create | Fire Lancer |
| 25:25 | Create | Fire Lancer |
| 25:26 | Create | Fire Lancer |
| 25:26 | Create | Fire Lancer |
| 25:26 | Create | Fire Lancer |
| 26:36 | Build | Castle |
| 26:40 | Create | Villager (Male) |
| 26:41 | Create | Villager (Male) |
| 26:41 | Create | Villager (Male) |
| 26:41 | Create | Villager (Male) |
| 26:44 | Create | Villager (Male) |
| 26:58 | Build | Siege Workshop |
| 27:24 | Research | Forging |
| 27:27 | Research | Scale Mail Armor |
| 27:45 | Create | Fire Lancer |
| 27:45 | Create | Fire Lancer |
| 27:45 | Create | Fire Lancer |
| 27:45 | Create | Fire Lancer |
| 27:46 | Create | Fire Lancer |
| 27:46 | Create | Fire Lancer |
| 27:47 | Create | Fire Lancer |
| 27:47 | Create | Fire Lancer |
| 28:04 | Research | Stone Shaft Mining |
| 28:27 | Build | House |
| 29:29 | Build | Lumber Camp |
| 29:37 | Build | House |
| 29:43 | Build | House |
| 30:01 | Create | Unit 1920 |
| 30:01 | Create | Unit 1920 |
| 30:02 | Create | Unit 1920 |
| 30:02 | Create | Unit 1920 |
| 30:02 | Create | Unit 1920 |
| 30:02 | Create | Unit 1920 |
| 30:02 | Create | Unit 1920 |
| 30:03 | Create | Unit 1920 |
| 30:03 | Create | Unit 1920 |
| 30:04 | Create | Unit 1920 |
| 30:18 | Build | House |
| 30:25 | Build | House |
| 30:35 | Research | Hand Cart |
| 30:57 | Build | House |
| 31:08 | Build | House |
| 31:47 | Build | House |
| 32:13 | Build | House |
| 32:21 | Research | Iron Casting |
| 32:22 | Research | Chain Mail Armor |
| 32:31 | Build | House |
| 32:35 | Create | Villager (Male) |
| 32:35 | Create | Villager (Male) |
| 33:06 | Build | Pasture |
| 33:18 | Build | House |
| 33:28 | Build | House |
| 33:41 | Build | Pasture |
| 34:06 | Create | Fire Lancer |
| 34:06 | Create | Fire Lancer |
| 34:06 | Create | Fire Lancer |
| 34:07 | Create | Fire Lancer |
| 34:07 | Create | Fire Lancer |
| 34:07 | Create | Fire Lancer |
| 34:07 | Create | Fire Lancer |
| 34:08 | Create | Fire Lancer |
| 35:14 | Build | University |
| 35:43 | Build | Monastery |
| 36:13 | Create | Villager (Male) |
| 36:13 | Create | Villager (Male) |
| 36:19 | Create | Villager (Male) |
| 36:19 | Create | Villager (Male) |
| 36:26 | Build | House |
| 36:33 | Build | House |
| 36:53 | Research | Murder Holes |
| 37:00 | Build | House |
| 38:18 | Build | House |
| 38:57 | Research | Imperial Age |
| 39:11 | Build | Market |
Build order — Rojeed
First 150 of 686 actions detected
| 0:02 | Create | Villager (Male) |
| 0:02 | Create | Villager (Male) |
| 0:04 | Build | House |
| 0:06 | Build | House |
| 0:48 | Create | Villager (Male) |
| 1:23 | Create | Villager (Male) |
| 1:24 | Create | Villager (Male) |
| 1:41 | Create | Villager (Male) |
| 2:32 | Create | Villager (Male) |
| 2:32 | Create | Villager (Male) |
| 2:33 | Create | Villager (Male) |
| 3:03 | Create | Villager (Male) |
| 3:36 | Create | Villager (Male) |
| 4:07 | Create | Villager (Male) |
| 4:19 | Build | House |
| 4:34 | Create | Villager (Male) |
| 4:35 | Create | Villager (Male) |
| 5:35 | Create | Villager (Male) |
| 5:35 | Create | Villager (Male) |
| 5:48 | Create | Villager (Male) |
| 6:55 | Create | Villager (Male) |
| 6:56 | Create | Villager (Male) |
| 7:19 | Create | Villager (Male) |
| 7:29 | Build | Mill |
| 7:30 | Create | Villager (Male) |
| 7:49 | Create | Villager (Male) |
| 7:58 | Build | House |
| 8:25 | Build | Lumber Camp |
| 8:29 | Create | Villager (Male) |
| 8:58 | Build | Mining Camp |
| 9:14 | Create | Villager (Male) |
| 9:40 | Build | House |
| 9:59 | Create | Villager (Male) |
| 10:00 | Create | Villager (Male) |
| 10:11 | Research | Feudal Age |
| 10:28 | Build | Mill |
| 11:43 | Create | Villager (Male) |
| 12:28 | Build | Barracks |
| 12:30 | Create | Villager (Male) |
| 13:04 | Create | Villager (Male) |
| 13:09 | Research | Double-Bit Axe |
| 13:33 | Build | Farm |
| 13:33 | Build | Farm |
| 13:34 | Build | Farm |
| 13:34 | Build | Farm |
| 13:35 | Build | Farm |
| 13:46 | Create | Militia |
| 13:46 | Create | Militia |
| 13:55 | Build | Farm |
| 13:56 | Create | Villager (Male) |
| 14:15 | Research | Man-at-Arms (upgrade) |
| 14:46 | Build | Blacksmith |
| 14:50 | Create | Villager (Male) |
| 14:59 | Build | House |
| 15:21 | Create | Militia |
| 15:24 | Research | Scale Mail Armor |
| 15:25 | Research | Forging |
| 15:27 | Create | Villager (Male) |
| 15:45 | Build | Farm |
| 15:47 | Create | Villager (Male) |
| 15:52 | Create | Militia |
| 16:11 | Build | Farm |
| 16:12 | Create | Villager (Male) |
| 17:05 | Create | Militia |
| 17:09 | Build | House |
| 17:13 | Build | Farm |
| 17:34 | Build | Farm |
| 17:34 | Build | Farm |
| 17:34 | Build | Farm |
| 17:38 | Build | Farm |
| 17:39 | Build | Farm |
| 17:39 | Build | Farm |
| 17:39 | Build | Farm |
| 17:46 | Create | Militia |
| 17:50 | Build | House |
| 18:07 | Create | Militia |
| 18:46 | Build | Market |
| 19:13 | Create | Militia |
| 19:21 | Create | Villager (Male) |
| 19:21 | Create | Villager (Male) |
| 19:58 | Build | Farm |
| 20:46 | Research | Castle Age |
| 20:56 | Create | Militia |
| 21:40 | Create | Militia |
| 21:53 | Research | Loom |
| 21:58 | Research | Horse Collar |
| 22:28 | Create | Militia |
| 22:29 | Create | Militia |
| 22:49 | Create | Villager (Male) |
| 23:36 | Build | Town Center |
| 24:10 | Create | Villager (Male) |
| 24:12 | Create | Militia |
| 24:13 | Research | Squires |
| 24:14 | Research | Long Swordsman (upgrade) |
| 24:16 | Research | Iron Casting |
| 24:16 | Research | Chain Mail Armor |
| 24:59 | Create | Villager (Male) |
| 24:59 | Create | Villager (Male) |
| 24:59 | Create | Villager (Male) |
| 25:05 | Create | Villager (Male) |
| 25:05 | Create | Villager (Male) |
| 25:06 | Create | Villager (Male) |
| 25:59 | Create | Villager (Male) |
| 25:59 | Create | Villager (Male) |
| 26:07 | Build | Mining Camp |
| 26:12 | Create | Villager (Male) |
| 26:16 | Create | Villager (Male) |
| 26:18 | Create | Militia |
| 26:18 | Create | Militia |
| 26:35 | Create | Spearman |
| 26:35 | Research | Pikeman (upgrade) |
| 27:04 | Build | Town Center |
| 27:07 | Create | Villager (Male) |
| 27:14 | Build | House |
| 27:16 | Build | House |
| 27:36 | Build | House |
| 27:56 | Build | Siege Workshop |
| 28:01 | Create | Villager (Male) |
| 28:01 | Create | Villager (Male) |
| 28:03 | Create | Villager (Male) |
| 28:03 | Create | Villager (Male) |
| 28:04 | Research | Wheelbarrow |
| 28:06 | Research | Bow Saw |
| 28:08 | Research | Heavy Plow |
| 28:35 | Create | Villager (Male) |
| 28:52 | Build | Stone Wall |
| 29:45 | Create | Militia |
| 29:45 | Create | Militia |
| 30:06 | Create | Militia |
| 30:06 | Create | Militia |
| 30:16 | Create | Villager (Male) |
| 30:17 | Create | Villager (Male) |
| 30:43 | Create | Spearman |
| 30:43 | Create | Spearman |
| 30:43 | Create | Spearman |
| 30:52 | Build | Barracks |
| 30:55 | Create | Scorpion |
| 30:56 | Create | Scorpion |
| 31:13 | Build | Stone Wall |
| 31:54 | Create | Spearman |
| 31:55 | Create | Spearman |
| 31:59 | Create | Scorpion |
| 31:59 | Create | Scorpion |
| 32:08 | Build | University |
| 32:12 | Create | Villager (Male) |
| 32:12 | Create | Villager (Male) |
| 32:14 | Create | Villager (Male) |
| 32:14 | Create | Villager (Male) |
| 32:40 | Build | Siege Workshop |
| 32:50 | Create | Spearman |
Build order — raybae2000
First 150 of 555 actions detected
| 0:04 | Build | House |
| 0:04 | Build | House |
| 0:08 | Research | Loom |
| 0:09 | Create | Villager (Male) |
| 0:09 | Create | Villager (Male) |
| 0:09 | Create | Villager (Male) |
| 0:09 | Create | Villager (Male) |
| 0:10 | Create | Villager (Male) |
| 1:46 | Create | Villager (Male) |
| 1:46 | Create | Villager (Male) |
| 2:34 | Create | Villager (Male) |
| 2:43 | Create | Villager (Male) |
| 3:23 | Create | Villager (Male) |
| 3:40 | Build | House |
| 3:40 | Build | House |
| 3:43 | Build | Mill |
| 3:46 | Create | Villager (Male) |
| 3:46 | Create | Villager (Male) |
| 4:29 | Create | Villager (Male) |
| 4:29 | Create | Villager (Male) |
| 4:29 | Create | Villager (Male) |
| 4:53 | Create | Villager (Male) |
| 4:54 | Create | Villager (Male) |
| 5:27 | Create | Villager (Male) |
| 5:28 | Create | Villager (Male) |
| 5:32 | Create | Villager (Male) |
| 6:06 | Create | Villager (Male) |
| 6:06 | Create | Villager (Male) |
| 6:07 | Create | Villager (Male) |
| 6:07 | Create | Villager (Male) |
| 6:32 | Build | Palisade Wall |
| 6:55 | Build | Lumber Camp |
| 7:20 | Build | Palisade Wall |
| 7:27 | Build | Palisade Wall |
| 7:30 | Build | Palisade Wall |
| 7:32 | Build | Palisade Wall |
| 8:03 | Create | Villager (Male) |
| 8:03 | Create | Villager (Male) |
| 8:21 | Create | Villager (Male) |
| 8:21 | Create | Villager (Male) |
| 8:22 | Create | Villager (Male) |
| 8:30 | Build | Palisade Wall |
| 8:33 | Build | Palisade Wall |
| 9:10 | Build | Mining Camp |
| 9:35 | Build | Palisade Wall |
| 9:41 | Build | Palisade Wall |
| 9:48 | Build | Palisade Gate |
| 9:50 | Create | Villager (Male) |
| 9:54 | Build | House |
| 9:56 | Build | House |
| 10:45 | Create | Villager (Male) |
| 11:10 | Research | Feudal Age |
| 11:57 | Build | Barracks |
| 12:55 | Build | Mill |
| 13:32 | Create | Villager (Male) |
| 13:32 | Create | Villager (Male) |
| 13:32 | Create | Villager (Male) |
| 13:33 | Create | Villager (Male) |
| 13:41 | Build | Market |
| 13:49 | Build | Stable |
| 15:11 | Research | Castle Age |
| 17:04 | Research | Double-Bit Axe |
| 17:08 | Research | Gold Mining |
| 17:32 | Build | House |
| 17:33 | Build | House |
| 17:36 | Build | House |
| 17:36 | Build | House |
| 17:45 | Create | Villager (Male) |
| 17:54 | Create | Knight |
| 17:54 | Create | Knight |
| 17:56 | Create | Knight |
| 18:40 | Build | Town Center |
| 18:42 | Create | Villager (Male) |
| 18:51 | Create | Villager (Male) |
| 18:57 | Research | Bow Saw |
| 19:08 | Build | House |
| 19:08 | Build | House |
| 19:09 | Build | House |
| 19:36 | Build | Town Center |
| 19:42 | Create | Villager (Male) |
| 19:42 | Create | Villager (Male) |
| 20:07 | Create | Knight |
| 20:08 | Create | Knight |
| 20:13 | Build | Farm |
| 20:22 | Create | Villager (Male) |
| 20:23 | Create | Villager (Male) |
| 20:38 | Build | Farm |
| 20:46 | Create | Knight |
| 20:56 | Build | Blacksmith |
| 21:05 | Create | Villager (Male) |
| 21:13 | Build | House |
| 21:14 | Build | House |
| 21:14 | Build | House |
| 21:15 | Build | House |
| 21:21 | Create | Scout Cavalry |
| 21:23 | Create | Knight |
| 21:56 | Build | Farm |
| 21:56 | Create | Villager (Male) |
| 21:58 | Create | Villager (Male) |
| 21:59 | Create | Villager (Male) |
| 21:59 | Create | Villager (Male) |
| 22:05 | Create | Scout Cavalry |
| 22:09 | Create | Knight |
| 22:11 | Create | Villager (Male) |
| 22:11 | Create | Villager (Male) |
| 22:24 | Create | Villager (Male) |
| 22:24 | Create | Villager (Male) |
| 22:27 | Build | Farm |
| 22:32 | Build | Farm |
| 22:34 | Build | Farm |
| 22:46 | Build | Farm |
| 22:50 | Build | House |
| 22:50 | Build | House |
| 22:51 | Build | House |
| 22:53 | Create | Villager (Male) |
| 23:03 | Build | Farm |
| 23:10 | Create | Villager (Male) |
| 23:13 | Create | Villager (Male) |
| 23:18 | Build | Farm |
| 23:28 | Create | Villager (Male) |
| 23:40 | Create | Villager (Male) |
| 23:42 | Create | Villager (Male) |
| 23:44 | Create | Villager (Male) |
| 23:46 | Build | Farm |
| 23:50 | Build | House |
| 23:50 | Build | House |
| 23:52 | Build | House |
| 23:53 | Build | House |
| 23:57 | Build | Farm |
| 24:02 | Build | Farm |
| 24:06 | Create | Villager (Male) |
| 24:07 | Create | Villager (Male) |
| 24:09 | Create | Villager (Male) |
| 24:10 | Create | Villager (Male) |
| 24:14 | Build | Farm |
| 24:32 | Build | Stone Wall |
| 24:36 | Build | Gate |
| 24:39 | Create | Villager (Male) |
| 24:41 | Build | Farm |
| 24:44 | Create | Villager (Male) |
| 24:49 | Create | Villager (Male) |
| 24:51 | Create | Villager (Male) |
| 24:58 | Build | Farm |
| 25:02 | Create | Villager (Male) |
| 25:10 | Build | Farm |
| 25:15 | Create | Villager (Male) |
| 25:19 | Create | Villager (Male) |
| 25:25 | Build | Farm |
| 25:30 | Build | House |
| 25:30 | Build | House |
Build order — 我不会玩4+2
First 150 of 1313 actions detected
| 0:03 | Create | Villager (Male) |
| 0:04 | Research | Loom |
| 0:04 | Create | Villager (Male) |
| 0:05 | Create | Villager (Male) |
| 0:05 | Create | Villager (Male) |
| 0:10 | Build | House |
| 0:11 | Build | House |
| 0:11 | Build | House |
| 0:11 | Build | House |
| 0:12 | Build | House |
| 0:13 | Build | House |
| 1:42 | Create | Villager (Male) |
| 1:43 | Create | Villager (Male) |
| 2:18 | Build | Lumber Camp |
| 2:53 | Create | Villager (Male) |
| 2:54 | Create | Villager (Male) |
| 2:54 | Create | Villager (Male) |
| 3:14 | Create | Villager (Male) |
| 3:59 | Create | Villager (Male) |
| 3:59 | Create | Villager (Male) |
| 4:39 | Create | Villager (Male) |
| 4:55 | Create | Villager (Male) |
| 4:55 | Create | Villager (Male) |
| 5:24 | Create | Villager (Male) |
| 5:27 | Create | Villager (Male) |
| 5:27 | Create | Villager (Male) |
| 5:38 | Build | Mill |
| 6:42 | Create | Villager (Male) |
| 7:24 | Create | Villager (Male) |
| 8:12 | Research | Double-Bit Axe |
| 8:12 | Research | Double-Bit Axe |
| 8:15 | Research | Feudal Age |
| 8:15 | Research | Feudal Age |
| 8:36 | Research | Horse Collar |
| 8:36 | Research | Horse Collar |
| 9:15 | Build | House |
| 9:17 | Build | House |
| 9:18 | Build | House |
| 9:20 | Build | House |
| 10:25 | Age | Feudal Age |
| 10:30 | Research | Bow Saw |
| 10:30 | Research | Bow Saw |
| 10:33 | Research | Heavy Plow |
| 10:33 | Research | Heavy Plow |
| 11:01 | Create | Villager (Male) |
| 11:01 | Create | Villager (Male) |
| 11:14 | Build | Mining Camp |
| 11:31 | Build | Blacksmith |
| 11:51 | Create | Villager (Male) |
| 11:57 | Build | Farm |
| 11:58 | Build | Farm |
| 12:28 | Build | Farm |
| 12:31 | Create | Villager (Male) |
| 12:31 | Create | Villager (Male) |
| 12:37 | Build | House |
| 12:56 | Build | Farm |
| 12:57 | Build | Farm |
| 13:39 | Build | Farm |
| 14:41 | Build | Market |
| 14:43 | Create | Villager (Male) |
| 14:49 | Create | Villager (Male) |
| 14:59 | Build | Farm |
| 15:00 | Build | Farm |
| 15:02 | Build | Farm |
| 15:27 | Build | Farm |
| 15:28 | Build | Farm |
| 15:52 | Research | Castle Age |
| 15:53 | Research | Castle Age |
| 16:56 | Research | Gold Mining |
| 17:48 | Create | Villager (Male) |
| 17:48 | Create | Villager (Male) |
| 18:32 | Age | Castle Age |
| 18:33 | Research | Two-Man Saw |
| 18:34 | Research | Two-Man Saw |
| 18:35 | Research | Crop Rotation |
| 18:35 | Research | Crop Rotation |
| 18:36 | Research | Crop Rotation |
| 18:43 | Build | Town Center |
| 18:52 | Build | Town Center |
| 19:04 | Create | Villager (Male) |
| 20:04 | Create | Villager (Male) |
| 20:04 | Create | Villager (Male) |
| 20:09 | Create | Villager (Male) |
| 20:10 | Create | Villager (Male) |
| 20:24 | Build | Barracks |
| 20:32 | Create | Villager (Male) |
| 20:33 | Create | Villager (Male) |
| 20:33 | Create | Villager (Male) |
| 20:33 | Create | Villager (Male) |
| 20:33 | Create | Villager (Male) |
| 20:41 | Build | Farm |
| 20:43 | Build | Farm |
| 20:44 | Build | Farm |
| 20:45 | Build | Farm |
| 20:47 | Build | Farm |
| 20:48 | Build | Farm |
| 20:50 | Build | Farm |
| 20:51 | Build | Farm |
| 21:16 | Research | Gold Shaft Mining |
| 21:16 | Research | Gold Shaft Mining |
| 21:19 | Create | Villager (Male) |
| 21:19 | Create | Villager (Male) |
| 21:32 | Build | Farm |
| 21:34 | Build | Farm |
| 21:35 | Build | Farm |
| 21:37 | Build | Farm |
| 21:40 | Create | Villager (Male) |
| 21:40 | Create | Villager (Male) |
| 21:40 | Create | Villager (Male) |
| 22:00 | Build | Barracks |
| 22:18 | Build | Farm |
| 22:19 | Build | Farm |
| 22:21 | Build | Farm |
| 22:22 | Build | Farm |
| 22:23 | Build | Farm |
| 22:25 | Build | Farm |
| 22:30 | Create | Villager (Male) |
| 22:30 | Create | Villager (Male) |
| 22:30 | Create | Villager (Male) |
| 22:30 | Create | Villager (Male) |
| 22:30 | Create | Villager (Male) |
| 22:31 | Create | Villager (Male) |
| 22:31 | Create | Villager (Male) |
| 22:43 | Create | Villager (Male) |
| 22:52 | Build | Stable |
| 23:07 | Build | Farm |
| 23:07 | Build | Farm |
| 23:21 | Create | Villager (Male) |
| 23:21 | Create | Villager (Male) |
| 23:21 | Create | Villager (Male) |
| 23:22 | Create | Villager (Male) |
| 23:22 | Create | Villager (Male) |
| 23:22 | Create | Villager (Male) |
| 23:53 | Create | Knight |
| 24:10 | Create | Villager (Male) |
| 24:10 | Create | Villager (Male) |
| 24:11 | Create | Villager (Male) |
| 24:11 | Create | Villager (Male) |
| 24:11 | Create | Villager (Male) |
| 24:11 | Create | Villager (Male) |
| 24:26 | Build | Stable |
| 24:36 | Create | Knight |
| 24:53 | Build | House |
| 24:53 | Build | House |
| 24:53 | Build | House |
| 24:54 | Build | House |
| 24:54 | Build | House |
| 24:54 | Build | House |
| 24:54 | Build | House |
| 24:54 | Build | House |
Build order — Bourny96
First 150 of 391 actions detected
| 0:08 | Build | House |
| 0:09 | Build | House |
| 0:14 | Create | Villager (Male) |
| 0:14 | Create | Villager (Male) |
| 0:14 | Create | Villager (Male) |
| 0:15 | Create | Villager (Male) |
| 0:15 | Create | Villager (Male) |
| 2:03 | Create | Villager (Male) |
| 2:03 | Create | Villager (Male) |
| 2:28 | Create | Villager (Male) |
| 2:28 | Create | Villager (Male) |
| 3:07 | Create | Villager (Male) |
| 3:08 | Create | Villager (Male) |
| 3:08 | Create | Villager (Male) |
| 3:32 | Create | Villager (Male) |
| 3:32 | Create | Villager (Male) |
| 4:01 | Build | House |
| 4:17 | Build | Mill |
| 4:22 | Create | Villager (Male) |
| 4:23 | Create | Villager (Male) |
| 4:23 | Create | Villager (Male) |
| 4:31 | Build | House |
| 5:02 | Create | Villager (Male) |
| 5:02 | Create | Villager (Male) |
| 5:03 | Create | Villager (Male) |
| 5:56 | Build | House |
| 6:45 | Build | Mill |
| 6:58 | Build | Lumber Camp |
| 7:00 | Create | Villager (Male) |
| 7:00 | Create | Villager (Male) |
| 7:01 | Create | Villager (Male) |
| 7:01 | Create | Villager (Male) |
| 7:01 | Create | Villager (Male) |
| 7:02 | Create | Villager (Male) |
| 7:02 | Create | Villager (Male) |
| 8:09 | Create | Villager (Male) |
| 8:09 | Create | Villager (Male) |
| 8:10 | Create | Villager (Male) |
| 8:26 | Create | Villager (Male) |
| 9:16 | Build | Mining Camp |
| 10:02 | Build | Mining Camp |
| 11:49 | Research | Feudal Age |
| 11:50 | Create | Villager (Male) |
| 11:50 | Create | Villager (Male) |
| 12:14 | Create | Villager (Male) |
| 12:14 | Create | Villager (Male) |
| 12:15 | Research | Loom |
| 13:11 | Build | Barracks |
| 13:47 | Build | Farm |
| 13:49 | Build | Farm |
| 13:50 | Build | Farm |
| 13:51 | Build | Farm |
| 13:52 | Build | Farm |
| 13:53 | Build | Farm |
| 13:54 | Build | Farm |
| 13:56 | Build | Farm |
| 13:58 | Build | Farm |
| 14:13 | Research | Horse Collar |
| 15:26 | Build | Blacksmith |
| 15:33 | Build | Market |
| 15:50 | Build | Archery Range |
| 16:50 | Create | Archer |
| 16:50 | Create | Archer |
| 16:50 | Create | Archer |
| 16:50 | Create | Archer |
| 16:51 | Create | Archer |
| 16:52 | Create | Archer |
| 16:52 | Create | Archer |
| 17:31 | Build | House |
| 17:33 | Build | House |
| 17:34 | Build | House |
| 17:41 | Create | Villager (Male) |
| 17:41 | Create | Villager (Male) |
| 18:04 | Research | Castle Age |
| 19:38 | Build | Farm |
| 21:15 | Create | Villager (Male) |
| 21:15 | Create | Villager (Male) |
| 21:16 | Create | Villager (Male) |
| 21:16 | Create | Villager (Male) |
| 21:46 | Create | Archer |
| 21:46 | Create | Archer |
| 21:46 | Create | Archer |
| 21:46 | Create | Archer |
| 22:09 | Build | Town Center |
| 22:28 | Build | Town Center |
| 23:12 | Build | Farm |
| 23:14 | Build | Farm |
| 23:19 | Research | Heavy Plow |
| 23:23 | Research | Double-Bit Axe |
| 23:37 | Build | Farm |
| 23:46 | Create | Villager (Male) ×5 |
| 23:46 | Create | Villager (Male) ×5 |
| 23:46 | Create | Villager (Male) ×5 |
| 23:47 | Create | Villager (Male) ×5 |
| 25:49 | Create | Villager (Male) ×5 |
| 25:49 | Create | Villager (Male) ×5 |
| 25:50 | Create | Villager (Male) |
| 26:01 | Build | Monastery |
| 26:04 | Build | University |
| 26:08 | Build | House |
| 26:09 | Build | House |
| 26:10 | Build | House |
| 26:11 | Build | House |
| 26:13 | Build | House |
| 26:14 | Build | House |
| 26:15 | Build | House |
| 26:16 | Build | House |
| 26:17 | Build | House |
| 26:18 | Build | House |
| 26:21 | Build | Farm |
| 26:27 | Create | Villager (Male) ×3 |
| 26:27 | Create | Villager (Male) ×3 |
| 26:49 | Build | Castle |
| 27:02 | Create | Monk |
| 27:20 | Create | Trade Cart ×5 |
| 27:35 | Create | Villager (Male) ×5 |
| 27:35 | Create | Villager (Male) ×5 |
| 27:57 | Build | Farm |
| 28:29 | Research | Fletching |
| 28:38 | Build | Farm |
| 29:08 | Build | Stone Wall |
| 29:20 | Build | Stone Wall |
| 29:43 | Create | Archer ×5 |
| 29:48 | Create | Spearman ×5 |
| 30:16 | Build | Farm |
| 30:17 | Build | Farm |
| 30:18 | Build | Farm |
| 30:18 | Build | Farm |
| 30:18 | Build | Farm |
| 30:19 | Build | Farm |
| 30:19 | Build | Farm |
| 30:21 | Build | Farm |
| 30:37 | Research | Pikeman (upgrade) |
| 31:02 | Build | Farm |
| 31:03 | Build | Farm |
| 31:03 | Build | Farm |
| 31:03 | Build | Farm |
| 31:04 | Build | Farm |
| 31:04 | Build | Farm |
| 31:05 | Build | Farm |
| 31:57 | Create | Villager (Male) ×5 |
| 31:58 | Create | Villager (Male) ×5 |
| 32:00 | Create | Villager (Male) ×5 |
| 32:01 | Create | Villager (Male) ×5 |
| 32:10 | Build | Castle |
| 32:57 | Create | Spearman ×5 |
| 32:57 | Create | Spearman ×5 |
| 33:07 | Build | Farm |
| 33:09 | Build | Farm |
| 33:25 | Build | Farm |
Match timeline
| 6:32 | raybae2000 · wall_segment Palisade Wall x6 |
| 7:20 | raybae2000 · wall_segment Palisade Wall x4 |
| 7:27 | raybae2000 · wall_segment Palisade Wall x1 |
| 7:30 | raybae2000 · wall_segment Palisade Wall x15 |
| 7:32 | raybae2000 · wall_segment Palisade Wall x10 |
| 8:30 | raybae2000 · wall_segment Palisade Wall x4 |
| 8:33 | raybae2000 · wall_segment Palisade Wall x13 |
| 9:35 | raybae2000 · wall_segment Palisade Wall x3 |
| 9:41 | raybae2000 · wall_segment Palisade Wall x7 |
| 10:25 | 我不会玩4+2 · age_up feudal |
| 11:45 | frizboum · first_building Barracks |
| 11:57 | raybae2000 · first_building Barracks |
| 12:10 | Ender · first_building Barracks |
| 12:28 | Ender · age_up feudal |
| 12:28 | Rojeed · first_building Barracks |
| 13:11 | Bourny96 · first_building Barracks |
| 13:49 | raybae2000 · first_building Stable |
| 15:05 | raybae2000 · first_market_buy 100 food |
| 15:50 | Bourny96 · first_building Archery Range |
| 16:35 | Ender · wall_segment Stone Wall x15 |
| 18:32 | 我不会玩4+2 · age_up castle |
| 19:26 | Ender · first_building Stable |
| 20:12 | Ender · wall_segment Stone Wall x13 |
| 20:24 | 我不会玩4+2 · first_building Barracks |
| 20:32 | Ender · wall_segment Stone Wall x1 |
| 20:51 | frizboum · first_building Stable |
| 22:52 | 我不会玩4+2 · first_building Stable |
| 23:22 | Ender · age_up castle |
| 24:32 | raybae2000 · wall_segment Stone Wall x29 |
| 25:10 | frizboum · first_market_sell 100 wood |
| 25:11 | Ender · first_building Siege Workshop |
| 25:12 | frizboum · first_market_buy 100 food |
| 26:01 | Bourny96 · first_building Monastery |
| 26:36 | Ender · first_building Castle |
| 26:36 | raybae2000 · first_market_sell 100 wood |
| 26:49 | Bourny96 · first_building Castle |
| 27:35 | raybae2000 · first_building Castle |
| 27:56 | Rojeed · first_building Siege Workshop |
| 28:52 | Rojeed · wall_segment Stone Wall x21 |
| 29:08 | Bourny96 · wall_segment Stone Wall x18 |
| 29:15 | frizboum · first_building Castle |
| 29:20 | Bourny96 · wall_segment Stone Wall x17 |
| 31:13 | Rojeed · wall_segment Stone Wall x5 |
| 34:00 | 我不会玩4+2 · first_building Castle |
| 34:33 | Rojeed · wall_segment Stone Wall x8 |
| 35:43 | Ender · first_building Monastery |
| 35:51 | Rojeed · wall_segment Stone Wall x10 |
| 36:38 | Rojeed · wall_segment Stone Wall x1 |
| 39:15 | Rojeed · first_building Castle |
| 39:49 | 我不会玩4+2 · age_up imperial |
| 40:37 | 我不会玩4+2 · first_market_sell 100 food |
| 41:18 | Rojeed · wall_segment Stone Wall x3 |
| 42:07 | Ender · age_up imperial |
| 42:10 | Rojeed · first_building Stable |
| 42:15 | Bourny96 · wall_segment Stone Wall x8 |
| 42:19 | Bourny96 · wall_segment Stone Wall x8 |
| 44:32 | frizboum · first_building Siege Workshop |
| 45:31 | Rojeed · wall_segment Stone Wall x1 |
| 47:46 | 我不会玩4+2 · wall_segment Stone Wall x8 |
| 47:51 | 我不会玩4+2 · wall_segment Stone Wall x34 |
| 47:56 | 我不会玩4+2 · wall_segment Stone Wall x33 |
| 48:41 | raybae2000 · wall_segment Stone Wall x9 |
| 48:43 | raybae2000 · wall_segment Stone Wall x17 |
| 48:46 | raybae2000 · wall_segment Stone Wall x11 |
| 50:14 | raybae2000 · wall_segment Stone Wall x4 |
| 51:49 | frizboum · first_building Archery Range |
| 53:48 | 我不会玩4+2 · tribute_sent a jugador 1 |
| 53:48 | 我不会玩4+2 · tribute_sent a jugador 2 |
| 53:48 | 我不会玩4+2 · tribute_sent a jugador 3 |
| 53:48 | 我不会玩4+2 · tribute_sent a jugador 4 |
| 53:48 | 我不会玩4+2 · tribute_sent a jugador 6 |
| 54:25 | raybae2000 · wall_segment Stone Wall x4 |
| 57:41 | 我不会玩4+2 · first_building Siege Workshop |
| 58:54 | 我不会玩4+2 · wall_segment Stone Wall x4 |
| 60:42 | 我不会玩4+2 · wall_segment Stone Wall x48 |
| 61:48 | Bourny96 · first_market_buy 500 wood |
| 61:49 | Rojeed · wall_segment Stone Wall x5 |
| 61:54 | raybae2000 · tribute_sent a jugador 1 |
| 61:54 | raybae2000 · tribute_sent a jugador 2 |
| 61:54 | raybae2000 · tribute_sent a jugador 3 |
| 61:54 | raybae2000 · tribute_sent a jugador 5 |
| 61:54 | raybae2000 · tribute_sent a jugador 6 |
| 64:11 | raybae2000 · wall_segment Stone Wall x4 |
| 65:11 | Rojeed · first_market_buy 100 stone |
| 65:36 | 我不会玩4+2 · wall_segment Stone Wall x1 |
| 67:27 | Ender · first_market_sell 100 food |
| 68:10 | 我不会玩4+2 · wall_segment Stone Wall x42 |
| 70:50 | Bourny96 · tribute_sent a jugador 1 |
| 70:50 | Bourny96 · tribute_sent a jugador 2 |
| 70:50 | Bourny96 · tribute_sent a jugador 3 |
| 70:50 | Bourny96 · tribute_sent a jugador 4 |
| 70:50 | Bourny96 · tribute_sent a jugador 5 |
| 72:31 | Rojeed · wall_segment Stone Wall x4 |
| 76:44 | frizboum · wall_segment Stone Wall x5 |
| 77:03 | frizboum · wall_segment Stone Wall x5 |
| 77:03 | 我不会玩4+2 · wall_segment Stone Wall x20 |
| 77:08 | 我不会玩4+2 · wall_segment Stone Wall x13 |
| 77:21 | frizboum · wall_segment Stone Wall x2 |
| 78:00 | frizboum · wall_segment Stone Wall x1 |
| 78:06 | frizboum · wall_segment Stone Wall x5 |
| 79:49 | frizboum · wall_segment Stone Wall x4 |
| 86:25 | frizboum · wall_segment Stone Wall x7 |
| 86:45 | 我不会玩4+2 · resign |
[ AI ANALYSIS · 1 CREDIT ]
What really happened in this match?
Wolo.gg analyzes every decision: build order, eco, micro, common mistakes by bracket. Personalized analysis on WhatsApp or Discord in 30 seconds.
Civ guide
Berbers
Map guide
Fortified Clearing
Perfil
frizboum